 Dungeon Crawl Stone Soup version 0.30-a0-160-gcfceee88d3 (webtiles) character file.

Game seed: 13043247543823086060

475 qw the Chopper (level 7, -6/44 HPs)
             Began as a Gargoyle Fighter on Sept 27, 2022.
             Mangled by a gnoll
             ... wielding a +0 halberd
             ... led by a gnoll bouda
              (9 damage)
             ... on level 4 of the Dungeon.
             The game lasted 00:01:18 (3714 turns).

qw the Chopper (Gargoyle Fighter)                   Turns: 3714, Time: 00:01:19

Health: -6/44      AC: 13    Str: 22    XL:     7   Next: 10%
Magic:  7/7        EV:  7    Int:  8    God:
Gold:   238        SH:  4    Dex:  9    Spells: 6/6 levels left

rFire   . . .      SeeInvis .    Y - +2 war axe
rCold   . . .      Faith    .    c - +0 buckler
rNeg    + . .      Spirit   .    h - +0 chain mail
rPois   inf        Reflect  .    (no helmet)
rElec   +          Harm     .    (no cloak)
rCorr   +          Rampage  .    (no gloves)
Will    +....                    (no boots)
Stlth   ..........               (no amulet)
HPRegen 0.14/turn                p - ring of resist corrosion
MPRegen 0.10/turn                q - ring of willpower

@: no status effects
A: sickness immunity, AC +4, negative energy resistance 1, electricity
resistance, torment resistance 1, petrification resistance
a: no special abilities


You were on level 4 of the Dungeon.
You visited 1 branch of the dungeon, and saw 4 of its levels.

You collected 238 gold pieces.


Innate Abilities, Weirdness & Mutations

You are immune to sickness and miasma.
Your stone body is resilient. (AC +4)
You are immune to poison.
You resist negative energy. (rN+)
You are resistant to electric shocks. (rElec)
You are resistant to unholy torment.
You are immune to petrification.


   Skills:
 - Level 4.4 Fighting
 - Level 6.0 Axes
 - Level 1.0 Throwing
 - Level 3.2 Armour
 + Level 0.8 Dodging
 - Level 3.2 Shields


You had 6 spell levels left.
You didn't know any spells.
Your spell library was empty.

Inventory:

Hand Weapons
 m - a +2 flail of venom
 Y - a +2 war axe (weapon)
Missiles
 j - 3 boomerangs (quivered)
Armour
 a - a +1 pair of boots
 c - a +0 buckler (worn)
 h - a +0 chain mail (worn)
Jewellery
 p - a ring of resist corrosion (left hand)
 q - a ring of willpower (right hand)
Scrolls
 e - a scroll of enchant armour
 n - a scroll of identify
Potions
 b - a potion of lignification
 d - 4 potions of might
 f - a potion of curing
 i - 2 potions of cancellation
 l - a potion of invisibility {unknown}
 o - a potion of attraction

Dungeon Overview and Level Annotations

Branches:
Dungeon (4/15)
 Temple: D:4-7

Altars:
Cheibriados
Dithmenos
Zin

Shops:
D:4 =


Message History

You block the gnoll's attack.
You slash the gnoll!
You kill the gnoll!
A gnoll comes into view. It is wielding a +0 flail.
A gnoll comes into view. It is wielding a +0 halberd.
You have reached level 7!
You closely miss the gnoll.
The gnoll shouts!
The gnoll hits you with a +0 whip.
You hit the gnoll.
The gnoll is lightly wounded.
Your attacks no longer feel as feeble.
The gnoll hits you with a +0 whip. The gnoll hits you but does no damage.
You slash the gnoll!
You kill the gnoll!
The gnoll barely misses you.
Your Axes skill increases to level 6!
You slash the gnoll bouda!
The gnoll bouda is severely wounded.
The gnoll hits you but does no damage. The gnoll barely misses you.
The gnoll bouda hits you but does no damage.
The gnoll barely misses you.
You slash the gnoll bouda!
You kill the gnoll bouda!
You closely miss the gnoll. The gnoll hits you but does no damage.
You block the gnoll's attack.
The gnoll hits you from afar with a +2 spear of freezing.
The gnoll freezes you. You block the gnoll's attack.
You hit the gnoll.
The gnoll is lightly wounded.
You block the gnoll's attack.
The gnoll hits you from afar with a +2 spear of freezing.
The gnoll freezes you. The gnoll hits you but does no damage.
You closely miss the gnoll.
The gnoll is lightly wounded.
The gnoll hits you but does no damage.
The gnoll hits you from afar with a +2 spear of freezing.
The gnoll freezes you.
The gnoll hits you from afar with a +0 halberd!
You die...

................#..#..
....#...........# ##
....#..\........#
.........>.........
...................#
..................##
.......g..........#
...#.g)g...........
###...#@)..........
.....##.)........?
..... .)......... ....
.$......<... ...
.....#......
.......)##.....
#)....# ....# #......
...#


You could see 3 gnolls.

Vanquished Creatures
  A black bear (D:4)
  2 killer bees
  A gnoll bouda (D:4)
  A hound (D:4)
  An orc wizard (D:2)
  7 adders
  5 gnolls (D:4)
  2 worms (D:2)
  A dart slug (D:3)
  11 orcs
  6 ball pythons
  8 endoplasms
  2 giant cockroaches
  8 goblins
  9 hobgoblins
  3 jackals (D:3)
  5 quokkas
  2 bats
  2 frilled lizards
  7 kobolds
  7 rats
91 creatures vanquished.

Vanquished Creatures (others)
  8 fungi (D:2)
  2 plants (D:2)
10 creatures vanquished.

Grand Total: 101 creatures vanquished

Notes
Turn   | Place    | Note
-------+----------+-------------------------------------------
     0 | D:1      | qw the Gargoyle Fighter began the quest for the Orb.
     0 | D:1      | Reached XP level 1. HP: 14/14 MP: 1/1
     0 | D:1      | 0 ||| qw: Version: 0.2-a-10-g37ed214
     0 | D:1      | 0 ||| qw: Game counter: 578
     0 | D:1      | 0 ||| qw: Always use a shield: true
     0 | D:1      | 0 ||| qw: God list: Okawaru
     0 | D:1      | 0 ||| qw: Allow faded altars: false
     0 | D:1      | 0 ||| qw: Do Orc after D:15 true
     0 | D:1      | 0 ||| qw: Do second Lair branch before Depths: true
     0 | D:1      | 0 ||| qw: Lair rune preference: random
     0 | D:1      | 0 ||| qw: Plans: Normal, Zot:1-4, God:TSO, Crypt, Tomb,
                  | Pan, Slime:5, Hells, Abyss, Orb
     0 | D:1      | 0 ||| PLANNING D:1-11
   235 | D:1      | Reached skill level 2 in Axes
   371 | D:1      | Reached XP level 2. HP: 19/19 MP: 2/2
   860 | D:1      | 860 ||| Stepping ~*~*~tactically~*~*~ (stealth).
   903 | D:1      | 903 ||| Stepping ~*~*~tactically~*~*~ (stealth).
   924 | D:1      | Reached skill level 3 in Axes
  1211 | D:1      | 1211 ||| UPGRADING to ring of resist corrosion.
  1212 | D:1      | 1212 ||| UPGRADING to ring of willpower.
  1213 | D:1      | 1213 ||| READING scroll labelled SAEGICK JUFF.
  1214 | D:1      | 1214 ||| READING 2 scrolls labelled SAUCAU GASSE.
  1215 | D:1      | 1215 ||| READING scroll of enchant weapon.
  1215 | D:1      | 1215 ||| ENCHANTING +1 war axe.
  1216 | D:1      | 1216 ||| READING 2 scrolls labelled YNGYERODUL.
  1221 | D:1      | 1221 ||| READING 2 scrolls labelled JENLACW OWIOSM.
  1222 | D:1      | 1222 ||| READING scroll labelled VIMUUD ELEDUU.
  1223 | D:1      | 1223 ||| DRINKING 2 lumpy ruby potions.
  1266 | D:2      | Reached XP level 3. HP: 23/23 MP: 3/3
  1333 | D:2      | 1333 ||| Stepping ~*~*~tactically~*~*~ (stealth).
  1360 | D:2      | Reached skill level 4 in Axes
  1360 | D:2      | Reached XP level 4. HP: 15/28 MP: 4/4
  1498 | D:2      | 1498 ||| Stepping ~*~*~tactically~*~*~ (stealth).
  1507 | D:2      | 1507 ||| DROPPING +0 club.
  1512 | D:2      | Found a glowing silver altar of Zin.
  1857 | D:2      | 1857 ||| Stepping ~*~*~tactically~*~*~ (stealth).
  1878 | D:2      | 1878 ||| DROPPING +0 flail.
  1890 | D:2      | Reached skill level 1 in Throwing
  1890 | D:2      | Reached XP level 5. HP: 32/32 MP: 5/5
  2260 | D:2      | Found a faded altar of an unknown god.
  2264 | D:2      | 2264 ||| UPGRADING to +0 chain mail.
  2274 | D:2      | 2274 ||| DROPPING +0 scale mail.
  2275 | D:2      | 2275 ||| READING scroll labelled YSTOKO CAUG.
  2276 | D:2      | 2276 ||| DRINKING 2 red potions.
  2277 | D:2      | 2277 ||| DRINKING 2 brown potions.
  2278 | D:2      | 2278 ||| READING 3 scrolls of identify.
  2278 | D:2      | 2278 ||| IDENTIFYING white potion
  2279 | D:2      | 2279 ||| READING 2 scrolls of identify.
  2279 | D:2      | 2279 ||| IDENTIFYING yellow potion
  2280 | D:2      | 2280 ||| DROPPING potion of magic.
  2342 | D:3      | 2342 ||| Stepping ~*~*~tactically~*~*~ (stealth).
  2343 | D:3      | 2343 ||| Stepping ~*~*~tactically~*~*~ (stealth).
  2841 | D:3      | 2841 ||| Stepping ~*~*~tactically~*~*~ (stealth).
  2843 | D:3      | 2843 ||| Stepping ~*~*~tactically~*~*~ (hiding).
  3059 | D:3      | 3059 ||| DROPPING +2 whip of venom.
  3209 | D:3      | Found a snail-covered altar of Cheibriados.
  3462 | D:3      | 3462 ||| READING 2 scrolls labelled UCUT DASUR.
  3463 | D:3      | 3463 ||| READING scroll labelled GYEXUS OSUNE.
  3464 | D:3      | 3464 ||| READING 2 scrolls of identify.
  3464 | D:3      | 3464 ||| IDENTIFYING glowing pink potion
  3465 | D:3      | 3465 ||| DROPPING scroll of vulnerability.
  3472 | D:4      | Noticed a black bear
  3472 | D:4      | Found a shadowy altar of Dithmenos.
  3474 | D:4      | 3474 ||| STAIRDANCE
  3480 | D:4      | 3480 ||| STAIRDANCE
  3483 | D:3      | HP: 8/32 [killer bee (7)]
  3484 | D:3      | 3484 ||| READING scroll of teleportation.
  3485 | D:3      | 3485 ||| DRINKING potion of heal wounds.
  3487 | D:3      | Reached skill level 5 in Axes
  3514 | D:4      | 3514 ||| Stepping ~*~*~tactically~*~*~ (stealth).
  3523 | D:4      | Killed a black bear
  3524 | D:4      | Reached XP level 6. HP: 39/39 MP: 6/6
  3552 | D:4      | 3552 ||| FLEEEEING.
  3565 | D:4      | 3565 ||| FLEEEEING.
  3566 | D:4      | 3566 ||| FLEEEEING.
  3567 | D:4      | 3567 ||| FLEEEEING.
  3568 | D:4      | 3568 ||| FLEEEEING.
  3569 | D:4      | 3569 ||| FLEEEEING.
  3579 | D:4      | 3579 ||| FLEEEEING.
  3670 | D:4      | Found Jainkeiff's Jewellery Shop.
  3683 | D:4      | 3683 ||| SHOPLISTING +4 ring of protection (504 gold, have
                  | 238).
  3683 | D:4      | 3683 ||| SHOPLISTING +6 ring of dexterity (504 gold, have
                  | 238).
  3683 | D:4      | 3683 ||| SHOPLISTING +6 ring of strength (504 gold, have
                  | 238).
  3683 | D:4      | 3683 ||| SHOPLISTING amulet of guardian spirit (420 gold,
                  | have 238).
  3683 | D:4      | 3683 ||| SHOPLISTING amulet of the acrobat (420 gold, have
                  | 238).
  3683 | D:4      | 3683 ||| SHOPLISTING ring "Woapyten" {rElec rF- rC- rCorr
                  | Dex+6} (582 gold, have 238).
  3683 | D:4      | 3683 ||| SHOPLISTING ring of ice (350 gold, have 238).
  3683 | D:4      | 3683 ||| SHOPLISTING ring of positive energy (280 gold,
                  | have 238).
  3683 | D:4      | 3683 ||| SHOPLISTING ring of resist corrosion (280 gold,
                  | have 238).
  3683 | D:4      | 3683 ||| SHOPLISTING ring of willpower (350 gold, have
                  | 238).
  3708 | D:4      | Reached XP level 7. HP: 15/44 MP: 7/7
  3711 | D:4      | Reached skill level 6 in Axes
  3712 | D:4      | HP: 10/44 [gnoll/+2 spear of freezing[a gnoll bouda] (2)]
  3714 | D:4      | HP: 4/44 [gnoll/+2 spear of freezing[a gnoll bouda] (3)]
  3714 | D:4      | Mangled by a gnoll

Levels and vault maps discovered:
D:1:      minmay_arrival_solitary_statue, layout_loops_corners
D:2:      minmay_chambers_of_twos, layout_loops_ring,
          shapermc_ecumenical_altar_hornbeckon, basic_altar,
          minmay_misc_feat_doors
D:3:      layout_basic, overflow_temple_1_default
D:4:      layout_cave_pools, mainiacjoe_overflow_cross_hatched, serial_shops,
          shop

Skill      XL: |  1  2  3  4  5  6  7 |
---------------+----------------------+-----
Axes           | 2 3 4 5 6 |  6.0
Throwing       | 1 |  1.0
Fighting       | 4 |  4.4
Armour         | |  3.2
Dodging        | |  0.8
Shields        | |  3.2

Action                   |  1- 3 |  4- 6 |  7- 9 || total
-------------------------+-------+-------+-------++-------
Melee: War axe           |    96 |   125 |     7 ||   228
Throw: Boomerang         |    21 |    46 |       ||    67
       Javelin           |       |    11 |       ||    11
  Use: Scroll            |     6 |     7 |       ||    13
       Potion            |     1 |     3 |       ||     4
Armor: Scale mail        |    57 |    18 |       ||    75
       Chain mail        |       |    54 |     6 ||    60
Dodge: Dodged            |    37 |    63 |     3 ||   103
Block: Buckler           |    11 |    34 |     3 ||    48

Table legend:
 A = Non-vault XP
 B = Vault XP
 C = Vault XP percentage of total XP
 D = Non-vault monster count
 E = Vault monster count
 F = Vault count percentage of total count
                 A         B        C        D         E       F
            +---------+---------+-------+---------+---------+-------
      Total |     638 |      41 |   6.0 |      83 |       8 |   8.8
            +---------+---------+-------+---------+---------+-------
        D:1 |      31 |       0 |   0.0 |      20 |       0 |   0.0
        D:2 |     121 |      41 |  25.3 |      24 |       8 |  25.0
        D:3 |     112 |       0 |   0.0 |      21 |       0 |   0.0
        D:4 |     374 |       0 |   0.0 |      18 |       0 |   0.0
            +---------+---------+-------+---------+---------+-------
